 Dungeon Crawl Stone Soup version 0.24.0-1-gfbc8707122 (webtiles) character file.

Game seed: 10349063052119244318, levelgen mode: deterministic

21 Johnny the Digger (level 2, -2/20 HPs)
             Began as a Demigod Earth Elementalist on Oct 28, 2019.
             Slain by a quokka (4 damage)
             ... on level 2 of the Dungeon.
             The game lasted 00:00:53 (967 turns).

Johnny the Digger (Demigod Earth Elementalist)       Turns: 967, Time: 00:00:53

Health: -2/20      AC:  5    Str: 11    XL:     2   Next: 45%
Magic:  7/7        EV: 12    Int: 19    God:
Gold:   41         SH:  0    Dex: 16    Spells: 4/5 levels left

rFire    + . .     SeeInvis .   m - +2 dagger (drain)
rCold    . . .     Gourm    .   (no shield)
rNeg     . . .     Faith    .   e - +2 leather armour {rF+}
rPois    .         Spirit   .   (no helmet)
rElec    .         Reflect  .   (no cloak)
rCorr    .         Harm     .   (no gloves)
MR       .....                  (no boots)
Stlth    ++........             (no amulet)
HPRegen  0.06/turn              (no ring)
MPRegen  0.10/turn              (no ring)

@: no status effects
A: high mp 1
a: no special abilities


You were on level 2 of the Dungeon.
You were not hungry.

You visited 1 branch of the dungeon, and saw 2 of its levels.

You collected 41 gold pieces.

Inventory:

Hand Weapons
 m - a +2 dagger of draining (weapon)
Missiles
 b - 78 stones (quivered)
Armour
 c - a +0 robe
 e - a +2 leather armour of fire resistance (worn)
Scrolls
 a - a scroll of blinking {unknown}
 g - a scroll of fog {unknown}
 h - 2 scrolls of enchant armour {unknown}
 i - a scroll of remove curse {unknown}
 l - 3 scrolls of identify {unknown}
Potions
 f - a potion of ambrosia {unknown}
 j - a potion of lignification {unknown}
 k - a potion of agility {unknown}
Comestibles
 d - 6 rations


   Skills:
 - Level 1.7 Dodging
 - Level 1.7 Stealth
 + Level 2.1 Spellcasting
   Level 0.8 Transmutations
 * Level 3.3 Earth Magic


You had 4 spell levels left.
You knew the following spells:

 Your Spells              Type           Power        Failure   Level  Hunger
a - Sandblast             Erth           ##....       5%          1    #......

Your spell library contained the following spells:

 Spells                   Type           Power        Failure   Level  Hunger
 Passwall                 Tmut/Erth      ##......     14%         2    ##.....
 Stone Arrow              Conj/Erth      #.....       32%         3    ###....
 Petrify                  Tmut/Erth      ##......     67%         4    #####..
 Lee's Rapid Deconstruct  Erth           ##........   83%         5    ######.


Dungeon Overview and Level Annotations

Branches:
Dungeon (2/15)


Innate Abilities, Weirdness & Mutations

You have an increased reservoir of magic. (+10% MP)


Message History

You are too injured to fight recklessly!
You are too injured to fight recklessly!
You are too injured to fight recklessly!
You are too injured to fight recklessly!
You are too injured to fight recklessly!
You are too injured to fight recklessly!
You are too injured to fight recklessly!
You are too injured to fight recklessly!
You are too injured to fight recklessly!
You are too injured to fight recklessly!
You hit the hobgoblin.
The hobgoblin is lightly wounded.
The quokka bites you. The hobgoblin closely misses you.
You hit the hobgoblin.
You kill the hobgoblin!
The quokka barely misses you. The quokka bites you.
* * * LOW HITPOINT WARNING * * *
The quokka bites you.
You die...

#.#.......
#........
#.......#
#!......#
#.......#
#.......#
#....r%.#
#....@.†#
#.......##
..........>#
#####.####.#
#......#
#####..#
#..######
#.......#
#.#####.###


You could see a quokka.

Vanquished Creatures
  A dart slug (D:2)
  6 bats
  3 hobgoblins
  3 kobolds
  A frilled lizard (D:2)
  A goblin (D:2)
  4 rats (D:1)
19 creatures vanquished.

Notes
Turn   | Place    | Note
-------+----------+-------------------------------------------
     0 | D:1      | Johnny the Demigod Earth Elementalist began the quest for
                  | the Orb.
     0 | D:1      | Reached XP level 1. HP: 14/14 MP: 5/5
   241 | D:1      | Reached skill level 3 in Earth Magic
   489 | D:1      | Reached XP level 2. HP: 19/20 MP: 2/7
   967 | D:2      | Slain by a quokka

Levels and vault maps discovered:
D:1:      ebering_trefoil_3fold, layout_basic, minmay_misc_feat_cross
D:2:      layout_basic, chequers_temple_overflow_statue_of_worship, st_stairs_1,
          uniq_sigmund, uniq_terence

Skill      XL: |  1 |
---------------+----+-----
Earth Magic    | 3 |  3.3
Spellcasting   | 2 |  2.1
Dodging        | |  1.7
Stealth        | |  1.7
Transmutations | |  0.8

Action                   || total
-------------------------++-------
Melee: Unarmed           ||    31
       Dagger            ||    16
 Cast: Sandblast         ||    17
 Stab: Sleeping          ||     2
Armor: Leather armour    ||    22
Dodge: Dodged            ||    61
